 Dungeon Crawl Stone Soup version 0.19.0-22-gd96e5fe (webtiles) character file.

5368 Gargoyl the Envoy of Void (level 10, 0/77 HPs)
             Began as a Demonspawn Abyssal Knight on Nov 19, 2016.
             Was a High Priest of Lugonu.
             Slain by a slime creature (11 damage)
             ... on level 8 of the Dungeon.
             The game lasted 00:15:55 (8303 turns).

Gargoyl the Envoy of Void (DsAK)                    Turns: 8303, Time: 00:15:55

Health: 0/77       AC: 20    Str: 26 (27) XL:     10   Next: 39%
Magic:  0/16       EV: 11    Int: 13 (15) God:    Lugonu [*****.]
Gold:   283        SH:  4    Dex: 11 (14) Spells: 0 memorised, 9 levels left

rFire  + . .     SeeInvis .     s - +1 war axe
rCold  . . .     Gourm    .     f - +2 scale mail "Daphicet" {rF+ rCorr Dex+2}
rNeg   . . .     Faith    .     r - +0 buckler
rPois  .         Spirit   +     (helmet restricted)
rElec  .         Reflect  .     l - +0 cloak
rCorr  +         Harm     .     e - +0 pair of gloves
MR     .....                    w - +0 pair of boots
Stlth  ..........               (no amulet)
                                o - +6 ring of strength
                                n - +6 ring of strength

@: about to teleport
A: horns 2, iridescent scales 3, magic shield
a: Depart the Abyss, Bend Space, Banish, Corrupt, Enter the Abyss, Renounce
Religion


You were on level 8 of the Dungeon.
You worshipped Lugonu.
Lugonu was extremely pleased with you.
You were not hungry.

You visited 1 branch of the dungeon, and saw 8 of its levels.
You visited the Abyss 1 time.
You also visited: Sewer.

You collected 341 gold pieces.
You spent 58 gold pieces at shops.

Inventory:

Hand Weapons
 a - a +2 hand axe
 s - a +1 war axe (weapon)
Missiles
 v - 8 tomahawks (quivered)
Armour
 e - a +0 pair of gloves (worn)
 f - the +2 scale mail "Daphicet" (worn) {rF+ rCorr Dex+2}
   (You found it on level 2 of the Abyss)

   It affects your dexterity (+2).
   It protects you from fire.
   It protects you from acid and corrosion.
 l - a +0 cloak (worn)
 r - a +0 buckler (worn)
 w - a +0 pair of boots (worn)
Jewellery
 n - a +6 ring of strength (left hand)
 o - a +6 ring of strength (right hand)
Wands
 b - a wand of digging (20/24)
 u - a wand of lightning (5/15)
 y - a wand of random effects (19/48)
Scrolls
 d - 5 scrolls of remove curse
 k - 3 scrolls of teleportation
 q - 2 scrolls of recharging
 t - 2 scrolls of identify
 z - 2 scrolls of torment {unknown}
Potions
 j - 4 potions of flight
 m - 2 potions of cancellation
Books
 x - a book of Fire

   Spells                             Type                      Level
   a - Ignite Poison                  Fire/Transmutation/Poison    3
   b - Fireball                       Conjuration/Fire             5
   c - Bolt of Fire                   Conjuration/Fire             6
   d - Delayed Fireball               Conjuration/Fire             7
   e - Ring of Flames                 Charms/Fire                  7
Comestibles
 c - 5 bread rations
 g - 4 beef jerkies
 i - 2 royal jellies
 p - 10 fruits
 A - 7 slices of pizza
 B - 5 chunks of flesh


   Skills:
 + Level 6.3 Fighting
 + Level 8.1 Axes
 + Level 0.6 Throwing
 * Level 8.0 Armour
 + Level 3.3 Dodging
 + Level 2.6 Shields
 * Level 8.2 Invocations


You had 9 spell levels left.
You didn't know any spells.

Dungeon Overview and Level Annotations

Branches:
Dungeon (8/15)             Temple (0/1) D:7
   Lair: D:8-11

Altars:
Ashenzari
Cheibriados
Dithmenos
Fedhas
Gozag
Hepliaklqana
Kikubaaqudgha
Makhleb
Okawaru
Trog
Xom
Yredelemnul
The Shining One

Shops:
D:4 *

Annotations:
D:7 Prince Ribbit


Innate Abilities, Weirdness & Mutations

You have a pair of horns on your head.
You are completely covered in iridescent scales. (AC +6)
When hurt, damage is shared between your health and your magic reserves.


Message History

Unknown command.
You hit the slime creature.
Your headbutt misses the slime creature.
The slime creature is almost dead.
You slash the slime creature! The slime creature barely misses you.
The slime creature hits you!
* * * LOW HITPOINT WARNING * * *
Unknown command.
You feel better. The slime creature hits you!
* * * LOW HITPOINT WARNING * * *
The slime creature hits you but does no damage.
You feel better.
The slime creature hits you but does no damage.
The slime creature hits you.
* * * LOW HITPOINT WARNING * * *
You don't have enough magic at the moment.
Unknown command.
As you read the scroll of teleportation, it crumbles to dust.
You feel strangely unstable. The slime creature hits you!
You die...

######### #...#...#
#...#..!#
#...#...###
#>..#..... ###
#...†##.#... ## #..
#..@....?... ..###..
#..JJ####.#.##......
#......## #.#.......
######<##.#..#.##...
#[##........... #..#
#.........
#######.#####......#
#...................
#..######.###.#....#


You could see 2 slime creatures.

Vanquished Creatures
  A skeletal warrior (D:7)
  Pikel (D:7)
  Joseph (D:7)
  A troll (D:8)
  A slime creature (D:8)
  A hippogriff (D:7)
  A hungry ghost (D:7)
  A yak (D:8)
  3 hogs (D:8)
  A human (D:8)
  Duvessa (D:7)
  The ghost of LupusAter the Firebug, an amateur DEFE of Vehumet (D:3)
  An ice beast (D:8)
  An orc warrior (D:7)
  A sky beast (D:8)
  A necrophage (D:8)
  2 phantoms
  2 ogres
  2 big kobolds
  4 bullfrogs
  2 scorpions
  Dowan (D:7)
  6 killer bees (D:7)
  2 jellies
  A crimson imp (D:6)
  A howler monkey (D:8)
  2 bullfrog zombies
  A quasit (D:6)
  2 orc wizards
  Crazy Yiuf (D:2)
  A bullfrog skeleton (D:6)
  A hound (D:7)
  2 centaur skeletons
  Jessica (D:2)
  Ijyb (D:2)
  An iguana (D:6)
  6 worker ants
  A killer bee zombie (D:8)
  A hound zombie (D:8)
  A hound skeleton (D:7)
  A worker ant zombie (D:7)
  15 adders
  5 river rats
  A shadow imp (D:8)
  2 oozes
  2 adder zombies
  2 worms
  4 leopard geckos
  19 orcs
  3 giant cockroaches
  10 goblins
  6 hobgoblins
  6 jackals
  4 quokkas
  4 ball pythons
  6 bats
  6 frilled lizards
  A jackal zombie (D:7)
  19 kobolds
  16 rats
195 creatures vanquished.

Vanquished Creatures (others)
  A black bear (D:7)
  4 slaves (D:7)
  A centaur (D:7)
  A howler monkey (D:7)
  A worker ant (D:7)
  A hound skeleton (D:7)
9 creatures vanquished.

Grand Total: 204 creatures vanquished

Notes
Turn   | Place    | Note
-------+----------+-------------------------------------------
     0 | Abyss:1  | Gargoyl the Demonspawn Abyssal Knight began the quest for the Orb.
     0 | Abyss:1  | Reached XP level 1. HP: 18/18 MP: 2/2
    43 | Abyss:2  | Got a bloodstained scale mail
    54 | Abyss:2  | Identified the +2 scale mail "Daphicet" {rF+ rCorr Dex+2} (You found it on level 2 of the Abyss)
   126 | Abyss:2  | Noticed a fire elemental
   137 | D:1      | Escaped the Abyss
   616 | D:1      | Gained mutation: You have a pair of small horns on your head. [demonic ancestry]
   616 | D:1      | Reached XP level 2. HP: 22/24 MP: 3/3
   670 | D:1      | Reached * piety under Lugonu
   670 | D:1      | Reached skill level 1 in Dodging
   897 | D:2      | Noticed Jessica
   914 | D:2      | Killed Jessica
   914 | D:2      | Gained mutation: You have a pair of horns on your head. [demonic ancestry]
   914 | D:2      | Reached XP level 3. HP: 30/30 MP: 4/4
   988 | D:2      | Noticed Ijyb
  1005 | D:2      | Killed Ijyb
  1005 | D:2      | Gained mutation: You are partially covered in iridescent scales. (AC +2) [demonic ancestry]
  1005 | D:2      | Reached XP level 4. HP: 28/37 MP: 5/5
  1250 | D:2      | Found a snail-covered altar of Cheibriados.
  1359 | D:2      | Found a glowing golden altar of the Shining One.
  1857 | D:2      | Found a runed door.
  1947 | D:2      | Noticed Crazy Yiuf
  1952 | D:2      | Killed Crazy Yiuf
  1952 | D:2      | Gained mutation: When hurt, damage is shared between your health and your magic reserves. [demonic ancestry]
  1952 | D:2      | Reached XP level 5. HP: 20/42 MP: 7/7
  2274 | D:3      | Reached ** piety under Lugonu
  2590 | D:3      | Noticed LupusAter's ghost (amateur DEFE)
  2599 | D:3      | Killed LupusAter's ghost
  2599 | D:3      | Reached XP level 6. HP: 47/48 MP: 8/8
  2777 | D:3      | You fall through a shaft for 3 floors!
  2847 | D:5      | Entered Level 5 of the Dungeon
  2921 | D:5      | Found an iron altar of Okawaru.
  3147 | D:5      | Found a glowing drain.
  3199 | Sewer    | Entered a sewer
  3210 | Sewer    | Gained mutation: You are mostly covered in iridescent scales. (AC +4) [demonic ancestry]
  3210 | Sewer    | Reached XP level 7. HP: 33/55 MP: 8/10
  3463 | Sewer    | Found a white marble altar of Elyvilon.
  3922 | D:3      | Found a basalt altar of Yredelemnul.
  3929 | D:3      | Found an ancient bone altar of Kikubaaqudgha.
  4046 | D:4      | Reached skill level 1 in Shields
  4093 | D:4      | Reached *** piety under Lugonu
  4264 | D:4      | Found a blossoming altar of Fedhas.
  4294 | D:4      | Found Etohuopn's General Store.
  4302 | D:4      | Bought a +0 pair of boots for 58 gold pieces
  4380 | D:4      | Found an iron altar of Okawaru.
  4415 | D:4      | Found a shimmering altar of Xom.
  4417 | D:4      | Found a radiant altar of Vehumet.
  4417 | D:4      | Found a shimmering altar of Xom.
  4419 | D:4      | Found a burning altar of Makhleb.
  4419 | D:4      | Found an iron altar of Okawaru.
  4419 | D:4      | Found a shadowy altar of Dithmenos.
  4510 | D:4      | Found a shattered altar of Ashenzari.
  5080 | D:6      | Reached skill level 5 in Armour
  5300 | D:6      | Reached skill level 5 in Invocations
  5300 | D:6      | Reached XP level 8. HP: 58/61 MP: 11/11
  5643 | D:6      | Reached skill level 5 in Axes
  5800 | D:6      | Found a hazy altar of Hepliaklqana.
  5804 | D:6      | Found an opulent altar of Gozag.
  5968 | D:7      | Reached **** piety under Lugonu
  5968 | D:7      | Reached skill level 5 in Fighting
  6409 | D:7      | Found a staircase to the Ecumenical Temple.
  6490 | D:7      | Noticed Pikel
  6491 | D:7      | Noticed Dowan
  6498 | D:7      | Noticed Duvessa
  6507 | D:7      | Killed Dowan
  6508 | D:7      | Killed Pikel
  6508 | D:7      | Gained mutation: You are completely covered in iridescent scales. (AC +6) [demonic ancestry]
  6508 | D:7      | Reached XP level 9. HP: 47/68 MP: 9/13
  6509 | D:7      | Killed Duvessa
  6648 | D:7      | Noticed Prince Ribbit
  6825 | D:7      | Noticed a skeletal warrior
  6928 | D:7      | HP: 3/68 [skeletal warrior/uncursed battleaxe of draining (7)]
  6935 | D:7      | Killed a skeletal warrior
  7154 | D:7      | Noticed Joseph
  7171 | D:7      | Killed Joseph
  7761 | D:8      | Reached XP level 10. HP: 71/76 MP: 15/15
  8006 | D:8      | Found a bloodstained altar of Trog.
  8298 | D:8      | Reached ***** piety under Lugonu
  8303 | D:8      | Slain by a slime creature

Skill      XL: |  1  2  3  4  5  6  7  8  9 10 |
---------------+-------------------------------+-----
Armour         | 2 3 4 5 6 7 8 |  8.0
Dodging        | 1 2 3 |  3.3
Fighting       | 4 5 6 |  6.3
Axes           | 2 3 4 6 7 8 |  8.1
Invocations    | 3 4 5 6 7 8 |  8.2
Shields        | 1 2 |  2.6
Throwing       | |  0.6

Action                   |  1- 3 |  4- 6 |  7- 9 | 10-12 || total
-------------------------+-------+-------+-------+-------++-------
Melee: Hand axe          |    75 |   171 |    51 |       ||   297
       Headbutt          |    13 |    29 |    81 |    18 ||   141
       War axe           |       |       |   299 |    86 ||   385
Throw: Tomahawk          |       |     4 |     4 |     1 ||     9
Invok: Depart the Abyss  |     1 |       |       |       ||     1
  Use: Potion            |     2 |     1 |     6 |     4 ||    13
       Scroll            |     1 |     9 |     7 |     1 ||    18
  Eat: Chunk             |       |     8 |    11 |     3 ||    22
       Meat ration       |       |       |     1 |       ||     1
Armor: Scale mail        |    63 |   120 |   235 |    63 ||   481
       Skin              |       |       |     8 |       ||     8
Dodge: Dodged            |    57 |   108 |   209 |    42 ||   416
Block: Buckler           |       |    26 |    84 |    22 ||   132
